 Dungeon Crawl Stone Soup version 0.31-a0-521-gc7390f8997 (webtiles) character file.

Game seed: 3016268604879871030

964 avis the Cleaver (level 8, -4/68 HPs)
             Began as a Hill Orc Monk on Aug 11, 2023.
             Was a Believer of Beogh.
             Killed by divine providence
             ... invoked by an orc priest
              (15 damage)
             ... on level 5 of the Dungeon.
             The game lasted 00:22:59 (5459 turns).

avis the Cleaver (Hill Orc Monk)                    Turns: 5459, Time: 00:23:00

Health: -4/68      AC:  6    Str: 16    XL:     8   Next: 15%
Magic:  8/8        EV: 11    Int: 10    God:    Beogh [**....]
Gold:   212        SH:  4    Dex: 13    Spells: 7/7 levels left

rFire   . . .        a - +3 whip (vamp)
rCold   . . .        f - +0 buckler
rNeg    . . .        t - +0 ring mail
rPois   .            (no helmet)
rElec   .            (no cloak)
rCorr   .            (no gloves)
SInv    .            q - +0 pair of boots
Will    .....        (no amulet)
Stlth   +            (no ring)
HPRegen 0.31/turn    (no ring)
MPRegen 0.11/turn

%: no passive effects
@: no status effects
A: no striking features
a: Renounce Religion, Smiting


You were on level 5 of the Dungeon.
You worshipped Beogh.
Beogh was pleased with you.
You visited 1 branch of the dungeon, and saw 5 of its levels.

You collected 212 gold pieces.

Inventory:

Hand Weapons
 a - a +3 vampiric whip (weapon)
 b - a +0 sling
 u - a +0 trident
 w - a +0 hand axe
 x - a +0 dagger of holy wrath
 C - a +1 dagger of speed
Missiles
 m - 2 curare-tipped darts
 o - 6 poisoned darts
 z - 6 boomerangs
Armour
 d - an orb of light
 f - a +0 buckler (worn)
 q - a +0 pair of boots (worn)
 t - a +0 ring mail (worn)
 D - a +1 robe of willpower
Talismans
 A - a flux talisman
Wands
 c - a wand of light (12)
Scrolls
 g - a scroll of revelation {unknown}
 k - a scroll of vulnerability {unknown}
 p - a scroll of enchant weapon {unknown}
 r - a scroll of identify
 s - 2 scrolls of teleportation {unknown}
 v - 2 scrolls of blinking {unknown}
 y - a scroll of poison {unknown}
 E - 2 scrolls of fear {unknown}
Potions
 e - 2 potions of mutation
 h - a potion of resistance {unknown}
 i - a potion of might {unknown}
 j - 2 potions of enlightenment
 l - a potion of degeneration {unknown}
 n - 2 potions of haste {unknown}
 B - a potion of lignification {unknown}


   Skills:
 - Level 5.0 Fighting
 * Level 11.2 Axes
 - Level 2.0 Armour
 - Level 2.5 Dodging
 - Level 2.0 Shields


You had 7 spell levels left.
You didn't know any spells.
Your spell library contained the following spells:

 Spells                   Type           Power      Damage    Failure   Level
 Sting                    Tmut/Pois      0%         1d3       67%         1
 Ensorcelled Hibernation  Hex/Ice        0%         N/A       80%         2
 Passwall                 Tmut/Erth      0%         N/A       80%         2
 Poisonous Vapours        Pois/Air       0%         N/A       80%         2
 Dazzling Flash           Conj/Hex       0%         N/A       95%         3
 Swiftness                Air            0%         N/A       95%         3
 Olgreb's Toxic Radiance  Pois           0%         N/A       100%        4
 Agony                    Necr           0%         N/A       100%        5
 Silence                  Hex/Air        0%         N/A       100%        5


Dungeon Overview and Level Annotations

Branches:
Dungeon (5/15)
 Temple: D:4-7

Altars:
Makhleb
Wu Jian
Yredelemnul

Shops:
D:5 !

Annotations:
D:3 3 runed translucent doors, baller8008's ghost, amateur OpSh
D:4 Grinder


Message History

You hear some strange, mumbled words.
A puff of flame appears from out of thin air!
The puff of flame hits you!
* * * LOW HITPOINT WARNING * * *
The orc hits you but does no damage. The orc priest barely misses you.
You hit the orc.
You feel better.
You kill the orc!
Beogh accepts your kill. The orc priest hits you with a +0 whip.
* * * LOW HITPOINT WARNING * * *
Something hits you but does no damage.
Okay, then.
You hit something.
You feel better. The adder closely misses you.
Something hits you but does no damage. You block the orc priest's attack.
You whack something!
You feel better. Beogh accepts your kill.
Reactivating autopickup.
You feel a bit more experienced. You block the adder's attack.
The adder bites you but does no damage.
Training target 5.0 for Fighting reached!
Your Fighting skill increases to level 5!
You hit the orc priest.
You feel better.
The orc priest is lightly wounded.
The orc priest barely misses you. The adder closely misses you.
You hit the orc priest but do no damage.
The orc priest is lightly wounded.
The orc priest hits you with a +0 whip.
* * * LOW HITPOINT WARNING * * *
The adder closely misses you.
You hit the orc priest but do no damage.
The orc priest is lightly wounded.
The orc priest looks encouraged for a moment.
You block the adder's attack.
You barely miss the orc priest.
The orc priest is lightly wounded.
You block the adder's attack.
The orc priest calls down the wrath of Beogh upon you.
Beogh smites you!
You die...
Beogh appreciates the orc priest's killing of a heretic priest.

#.....#...........#..
#.....#...........#..
#.....#...........'..
#.....#...........#..
#.....#############..
#########+####+#.........#
### #.....<.......
+.........# #
#............. #.........#
# #.............
#@).......# #
....#####+#### #So.......#
# ##.. ..######... ... #.
...# ... ... # ....# ..
... .$...# ... ......# ...
..#+####


You could see an orc priest and an adder.

Vanquished Creatures
  A human (D:4)
  A black bear (D:5)
  An ogre (D:4)
  2 phantoms (D:5)
  A scorpion (D:4)
  4 hounds
  A human zombie (D:4)
  2 iguanas
  Ijyb (D:4)
  A sleepcap (D:5)
  3 orc wizards (D:5)
  A gnoll (D:1)
  3 adders
  4 worms
  3 dart slugs
  4 orcs
  10 bats
  3 endoplasms
  2 giant cockroaches
  9 goblins
  4 hobgoblins (D:2)
  4 jackals
  5 kobolds
  4 quokkas
  2 ball pythons
  A frilled lizard (D:3)
  5 rats
82 creatures vanquished.

Notes
Turn   | Place    | Note
-------+----------+-------------------------------------------
     0 | D:1      | avis the Hill Orc Monk began the quest for the Orb.
     0 | D:1      | Reached XP level 1. HP: 19/19 MP: 1/1
    64 | D:1      | Found a faded altar of an unknown god.
    77 | D:1      | Reached XP level 2. HP: 17/27 MP: 2/2
   333 | D:1      | Reached skill level 5 in Axes
   414 | D:1      | Reached XP level 3. HP: 27/33 MP: 3/3
  1469 | D:2      | Reached skill level 1 in Shields
  1512 | D:2      | Reached XP level 4. HP: 30/40 MP: 4/4
  1756 | D:2      | Reached skill level 6 in Axes
  2452 | D:3      | Reached skill level 1 in Armour
  2507 | D:3      | Found an ornate altar of the Wu Jian Council.
  3097 | D:3      | Found a runed translucent gate.
  3098 | D:3      | Found a runed translucent gate.
  3099 | D:3      | Found a runed translucent gate.
  3099 | D:3      | Noticed baller8008's ghost (amateur OpSh)
  3100 | D:3      | Noticed a kobold brigand
  3273 | D:4      | Noticed a scorpion
  3284 | D:4      | Killed a scorpion
  3285 | D:4      | Reached skill level 7 in Axes
  3285 | D:4      | Reached XP level 5. HP: 17/46 MP: 5/5
  3404 | D:4      | Found a runed translucent door.
  3404 | D:4      | Noticed a human
  3406 | D:4      | Found a basalt altar of Yredelemnul.
  3506 | D:4      | Killed a human
  3507 | D:4      | Reached skill level 8 in Axes
  3507 | D:4      | Reached XP level 6. HP: 20/52 MP: 6/6
  3691 | D:4      | Noticed Ijyb
  3916 | D:4      | Killed Ijyb
  3920 | D:4      | Reached skill level 9 in Axes
  4388 | D:4      | Reached XP level 7. HP: 59/59 MP: 7/7
  4537 | D:5      | Entered Level 5 of the Dungeon
  4654 | D:5      | Found a burning altar of Makhleb.
  4677 | D:5      | Reached skill level 10 in Axes
  4747 | D:5      | Noticed Grinder
  5015 | D:5      | Found Haasm's Distillery.
  5093 | D:5      | Reached skill level 11 in Axes
  5093 | D:5      | Reached XP level 8. HP: 55/67 MP: 8/8
  5239 | D:5      | Became a worshipper of Beogh the Brigand
  5239 | D:5      | Reached * piety under Beogh
  5239 | D:5      | Reached ** piety under Beogh
  5456 | D:5      | Reached skill level 5 in Fighting
  5459 | D:5      | Killed from afar by an orc priest

Illustrated notes

Levels and vault maps discovered:
D:1:      matt_arrival_grand_opening, layout_basic,
          shapermc_ecumenical_altar_gd, hangedman_abyss_or_decor_stabs,
          hex_medium
D:2:      layout_basic
D:3:      layout_loops_cross, nzn_wu_jian_contemplation,
          gammafunk_ghost_nasty_kobolds
D:4:      layout_loops_ring, dk_yredelemnul_ordeal, uniq_ijyb
D:5:      layout_gridville, overflow_temple_1_default, serial_shops,
          nicolae_lakefront_shop, uniq_grinder

Skill      XL: |  1  2  3  4  5  6  7  8 |
---------------+-------------------------+-----
Axes           | 5 7 8 9 11 | 11.2
Shields        | 1 2 |  2.0
Armour         | 1 2 |  2.0
Fighting       | 4 5 |  5.0
Dodging        | |  2.5

Action                     |  1- 3 |  4- 6 |  7- 9 || total
---------------------------+-------+-------+-------++-------
  Melee: Hand axe          |   130 |   193 |    94 ||   417
         Whip              |       |       |    64 ||    64
   Fire: Sling             |    13 |    46 |    20 ||    79
 Invoke: Convert to Beogh  |       |       |     1 ||     1
  Evoke: Wand              |       |     3 |       ||     3
    Use: Scroll            |       |     3 |       ||     3
         Potion            |       |     3 |       ||     3
   Stab: Sleeping          |     2 |       |       ||     2
         Invisible         |       |     7 |       ||     7
 Armour: Robe              |    18 |    15 |       ||    33
         Ring mail         |       |    48 |    51 ||    99
  Dodge: Dodged            |    70 |    91 |    65 ||   226
  Block: Buckler           |    22 |    31 |    40 ||    93

Table legend: (Time is in decaauts)
 A = Elapsed time spent in this place.
 B = Non-inter-level travel time spent in this place.
 C = Inter-level travel time spent in this place.
 D = Time resting spent in this place.
 E = Time spent auto-exploring this place.
 F = Levels seen in this place.
 G = Mean time per level.
                   A        B        C        D        E       F      G
               +--------+--------+--------+--------+--------+-----+--------+
         Total |   5450 |   4941 |    509 |   1193 |   2460 |   5 | 1090.0 |
       Dungeon |   5450 |   4941 |    509 |   1193 |   2460 |   5 | 1090.0 |
               +--------+--------+--------+--------+--------+-----+--------+

Top non-repeatable levels by time:
     D:2: 1179 daAuts
     D:4: 1177 daAuts
     D:3: 1177 daAuts
     D:1: 1088 daAuts
     D:5: 828 daAuts
